[Event "Titled Tuesday Blitz August 08 Early 2023"]
[White "MateoReyes"]
[Black "Fajdetic, Hrvoje"]
[BlackFideId "14501945"]
[WhiteElo "2444"]
[BlackElo "2301"]
[Result "1-0"]
[Round "9"]
[TimeControl "180+1"]
[Date "2023.08.08"]
[WhiteClock "0:00:58"]
[BlackClock "0:00:00"]
[Board "145"]

1. Nf3 c5 2. e3 d5 3. d4 e6 4. c4 Nf6 5. Nc3 Nc6 6. Be2 cxd4 7. exd4 Be7 8. O-O O-O 9. Bg5 dxc4 10. Bxc4 h6 11. Bh4 Qa5 12. Qe2 Qh5 13. Bg3 Rd8 14. Rad1 a6 15. Ne4 Nxe4 16. Qxe4 Bf6 17. Bc7 Rd7 18. Bg3 Rd8 19. Bc7 Rd7 20. Bb6 Ne7 21. Bc5 Nd5 22. Ne5 Rd8 23. Rfe1 b5 24. Bd3 g6 25. Be2 Qf5 26. Qxf5 gxf5 27. Bh5 Bxe5 28. dxe5 Bb7 29. Bd6 Rac8 30. Rd3 Rc2 31. Rg3+ Kh7 32. Bxf7 f4 33. Bg6+ Kh8 34. Bxc2 fxg3 35. hxg3 Rc8 36. Be4 Rc4 37. f3 Rb4 38. b3 Rd4 39. Rc1 Rd2 40. a3 b4 41. axb4 1-0


[Site "https://www.chess.com"]

[Event "Titled Tuesday Blitz August 08 Early 2023"]
[White "Baches Garcia, Guillermo"]
[Black "GAO"]
[WhiteFideId "2209764"]
[WhiteElo "2439"]
[BlackElo "2285"]
[Result "1-0"]
[Round "9"]
[TimeControl "180+1"]
[Date "2023.08.08"]
[WhiteClock "0:01:52"]
[BlackClock "0:02:23"]
[Board "146"]

1. e4 c6 2. d4 d5 3. e5 Bf5 4. h4 h5 5. Bd3 Bxd3 6. Qxd3 e6 7. Nf3 c5 8. c4 Nc6 9. cxd5 exd5 10. dxc5 Bxc5 11. Bg5 Qb6 12. O-O Nge7 13. Nc3 O-O-O 14. Na4 Qa5 15. Nxc5 Qxc5 16. Rac1 Qb6 17. Bxe7 Rd7 18. Bd6 Qd8 19. Qxd5 f6 20. Rxc6+ bxc6 21. Qxc6+ 1-0


[Site "https://www.chess.com"]

[Event "Titled Tuesday Blitz August 08 Early 2023"]
[White "Novikov, Evgenij"]
[Black "Mikhaylova, Irina"]
[WhiteFideId "4125380"]
[BlackFideId "4109040"]
[WhiteElo "2429"]
[BlackElo "2270"]
[Result "1/2-1/2"]
[Round "9"]
[TimeControl "180+1"]
[Date "2023.08.08"]
[WhiteClock "0:00:12"]
[BlackClock "0:00:13"]
[Board "147"]

1. d4 Nf6 2. c4 g6 3. Nc3 d5 4. Nf3 Bg7 5. Bg5 dxc4 6. e3 Be6 7. Ne5 c5 8. dxc5 Qa5 9. Nxc4 Qxc5 10. Qa4+ Nc6 11. Bxf6 Bxf6 12. Ne4 Qb4+ 13. Qxb4 Nxb4 14. Nxf6+ exf6 15. Rc1 Ke7 16. a3 Nc6 17. Be2 Ne5 18. O-O Rac8 19. Nxe5 fxe5 20. Bf3 b6 21. Rfd1 Rxc1 22. Rxc1 Rc8 23. Rxc8 Bxc8 24. Kf1 Kd6 25. Ke1 Kc5 26. Kd2 a5 27. Kc3 Be6 28. b4+ axb4+ 29. axb4+ Kd6 30. h4 h6 31. Be2 g5 32. hxg5 hxg5 33. g3 Bd5 34. Bd3 f6 35. Bf5 Bf3 36. Bd3 Bc6 37. Bc4 Bd7 38. Bd3 Bc6 39. Bc4 Bd7 40. Bd3 Bc6 1/2-1/2


[Site "https://www.chess.com"]

[Event "Titled Tuesday Blitz August 08 Early 2023"]
[White "Rios Escobar, Adan"]
[Black "Cagara, Paulina"]
[WhiteFideId "3403645"]
[BlackFideId "1124870"]
[WhiteElo "2423"]
[BlackElo "2266"]
[Result "0-1"]
[Round "9"]
[TimeControl "180+1"]
[Date "2023.08.08"]
[WhiteClock "0:00:00"]
[BlackClock "0:00:24"]
[Board "148"]

1. d4 f5 2. g3 g6 3. Bg2 Bg7 4. Nf3 Nf6 5. O-O O-O 6. b3 d6 7. Bb2 Nc6 8. c4 Qe8 9. Nc3 e5 10. Nd5 Nxd5 11. cxd5 Nb4 12. dxe5 dxe5 13. a3 Na6 14. b4 Bd7 15. Ng5 Qe7 16. h4 f4 17. Ne6 Bxe6 18. dxe6 c6 19. Qd7 Rae8 20. Qxe7 Rxe7 21. Bh3 Nc7 22. Rad1 Nxe6 23. a4 Nd4 24. b5 Nxe2+ 25. Kg2 e4 26. Ba3 Rfe8 27. Bxe7 Rxe7 28. Rd7 Rxd7 29. Bxd7 cxb5 30. axb5 Be5 31. gxf4 Nxf4+ 32. Kh1 Nd3 33. Bc8 b6 34. Bb7 Bd4 35. Kg2 Nf4+ 36. Kg3 Ne2+ 37. Kg4 Nc3 38. Bc6 Kg7 39. h5 gxh5+ 40. Kxh5 Ne2 41. Kg4 Nc3 42. Kf4 Kf6 43. Rh1 Bxf2 44. Rxh7 e3 45. Rxa7 e2 46. Ra1 Nd1 0-1


[Site "https://www.chess.com"]

[Event "Titled Tuesday Blitz August 08 Early 2023"]
[White "Begunov, Konstantin"]
[Black "Samaganova, Aleksandra"]
[WhiteFideId "4118510"]
[BlackFideId "13800221"]
[WhiteElo "2405"]
[BlackElo "2246"]
[Result "1-0"]
[Round "9"]
[TimeControl "180+1"]
[Date "2023.08.08"]
[WhiteClock "0:00:09"]
[BlackClock "0:00:03"]
[Board "149"]

1. d4 Nf6 2. c4 e6 3. Nf3 b6 4. g3 Bb7 5. Bg2 Be7 6. Nc3 O-O 7. Qc2 c5 8. dxc5 Bxc5 9. O-O Nc6 10. Rd1 h6 11. Bf4 Rc8 12. Ne5 Nb4 13. Qa4 Bxg2 14. Kxg2 Rc7 15. a3 Qa8+ 16. f3 Nc6 17. Ng6 e5 18. Nxf8 exf4 19. Nd5 Rb7 20. Nxf6+ gxf6 21. Nxd7 Nd4 22. Nxf6+ Kg7 23. Ne4 fxg3 24. hxg3 Re7 25. Rd2 f5 26. Nxc5 bxc5 27. Qd1 Qb7 28. b4 Qb6 29. bxc5 Qxc5 30. Rxd4 Rxe2+ 31. Qxe2 Qxd4 32. Rd1 Kg6 33. Rxd4 Kg5 34. Qe5 h5 35. f4+ Kg4 36. Qg7# 1-0


[Site "https://www.chess.com"]

[Event "Titled Tuesday Blitz August 08 Early 2023"]
[White "EvgenyBurmakin"]
[Black "Bueno, Alfeu Junior Varela"]
[BlackFideId "2108879"]
[WhiteElo "2242"]
[BlackElo "2404"]
[Result "0-1"]
[Round "9"]
[TimeControl "180+1"]
[Date "2023.08.08"]
[WhiteClock "0:00:00"]
[BlackClock "0:00:16"]
[Board "150"]

1. e4 e6 2. d4 d5 3. Nd2 Nf6 4. e5 Nfd7 5. f4 c5 6. c3 Nc6 7. Ndf3 f6 8. Bd3 Qb6 9. Ne2 cxd4 10. cxd4 Bb4+ 11. Kf2 O-O 12. Kg3 a5 13. Rf1 a4 14. a3 Be7 15. h3 Na5 16. Qxa4 Nb3 17. Qxa8 Nxa1 18. Qa4 Nb3 19. Be3 Nb8 20. Qb5 Qxb5 21. Bxb5 Bd7 22. Bxd7 Nxd7 23. Nd2 Nxd2 24. Bxd2 Nb6 25. Bc3 Nc4 26. Rf3 Rc8 27. Kf2 Bd8 28. g4 Bb6 29. Kg3 Kf7 30. f5 Ke7 31. Bb4+ Kf7 32. fxe6+ Kxe6 33. Nf4+ Kf7 34. Nxd5 Bxd4 35. exf6 gxf6 36. Nxf6 Be5+ 37. Kg2 Bxf6 38. Bc3 Rc6 39. g5 Kg6 40. gxf6 Kf7 41. Rg3 Ke6 42. Rg7 Rc5 43. f7 Rf5 44. Rxh7 Ne3+ 45. Kg3 Nd5 46. Bd4 Ne7 47. Kg4 Rf1 48. h4 Ng6 49. Rh6 Kxf7 50. Rh7+ Ke6 51. Rxb7 Ne7 52. Bc3 Nf5 53. Rb6+ Kd5 54. h5 Ne3+ 55. Kg5 Rg1+ 56. Kf6 Ke4 57. Kf7 Rf1+ 58. Ke7 Nd5+ 59. Kd6 Nxb6 60. Kc6 Nd5 61. h6 Nxc3 62. bxc3 Rh1 63. a4 Rxh6+ 64. Kb7 Kd5 65. a5 Rh7+ 66. Kb6 Rh6+ 67. Kb7 Kc5 68. a6 Rh7+ 69. Kb8 Kb6 0-1


[Site "https://www.chess.com"]

[Event "Titled Tuesday Blitz August 08 Early 2023"]
[White "Rietze, Clemens, Dr."]
[Black "Hrescak, Ivana"]
[WhiteFideId "24620351"]
[BlackFideId "14613441"]
[WhiteElo "2403"]
[BlackElo "2224"]
[Result "0-1"]
[Round "9"]
[TimeControl "180+1"]
[Date "2023.08.08"]
[WhiteClock "0:00:26"]
[BlackClock "0:00:13"]
[Board "151"]

1. d4 d5 2. c4 c6 3. Nf3 Nf6 4. Nc3 dxc4 5. a4 Bf5 6. Ne5 Nbd7 7. Nxc4 Nb6 8. Ne5 a5 9. g3 e6 10. Bg2 Be7 11. O-O O-O 12. e4 Bg6 13. Be3 Bb4 14. Nxg6 hxg6 15. Qe2 Nbd7 16. Rfd1 Qe7 17. f4 Rfd8 18. Kh1 Rac8 19. Rac1 Nb6 20. Ra1 c5 21. Nb5 cxd4 22. Rxd4 Bc5 23. Rxd8+ Rxd8 24. b3 Bxe3 25. Qxe3 Nc8 26. h3 Qb4 27. Rc1 Nd6 28. Rd1 Rd7 29. Rd4 Qc5 30. Qd2 Nxb5 31. Rxd7 Nxd7 32. Qxd7 Nd4 33. Qe8+ Kh7 34. Qxf7 Qc1+ 35. Kh2 Ne2 36. h4 Qg1+ 37. Kh3 Qf2 38. Kh2 Qxg3+ 39. Kh1 Nxf4 40. Bf1 Qf3+ 41. Kg1 Ne2+ 42. Bxe2 Qxf7 43. Kg2 Qe7 44. Bf3 Qb4 45. Kg3 Qxb3 46. Kf4 Qxa4 47. Bg4 Qb4 48. Bxe6 a4 49. Bd5 a3 50. Ke5 Qb2+ 51. Ke6 a2 52. e5 a1=Q 53. Kd7 Qaa3 54. e6 Qbb4 55. e7 Qxe7+ 56. Kc8 Qad6 57. Bxb7 Qdd8# 0-1


[Site "https://www.chess.com"]

[Event "Titled Tuesday Blitz August 08 Early 2023"]
[White "Kazakov, Mikhail"]
[Black "Luxama, Jacques Muller"]
[WhiteFideId "14102749"]
[BlackFideId "11900113"]
[WhiteElo "2402"]
[BlackElo "2222"]
[Result "1/2-1/2"]
[Round "9"]
[TimeControl "180+1"]
[Date "2023.08.08"]
[WhiteClock "0:00:08"]
[BlackClock "0:01:24"]
[Board "152"]

1. d4 Nf6 2. c4 e6 3. Nf3 d5 4. g3 Bb4+ 5. Bd2 a5 6. Bg2 O-O 7. O-O dxc4 8. Bg5 Be7 9. Ne5 h6 10. Bf4 Nd5 11. Nxc4 Nxf4 12. gxf4 c5 13. dxc5 Bxc5 14. Qxd8 Rxd8 15. Nc3 Nc6 16. Rad1 Bd7 17. Na4 Nd4 18. Nxc5 Nxe2+ 19. Kh1 Bc6 20. Bxc6 bxc6 21. f5 exf5 22. Kg2 Nf4+ 23. Kf3 Ng6 24. Rxd8+ Rxd8 25. Nxa5 Rd5 26. b4 Ne5+ 27. Ke2 Rd4 28. a3 f4 29. f3 g5 30. Rd1 Rxd1 31. Kxd1 Nxf3 32. Nxc6 Nxh2 33. a4 f3 34. Nd3 g4 35. Nce5 g3 36. Nxf3 Nxf3 37. Nf4 h5 38. a5 Nd4 39. a6 Nb5 40. Ke2 h4 41. Kf3 Kg7 42. Kg4 f5+ 43. Kxh4 Kf6 44. Kxg3 Ke5 45. Nd3+ Kd4 46. Kf4 Kxd3 47. Kxf5 Kc4 48. Ke5 Kxb4 49. a7 Nxa7 1/2-1/2


[Site "https://www.chess.com"]

[Event "Titled Tuesday Blitz August 08 Early 2023"]
[White "LionKing2367890"]
[Black "Avazkhonov, Alikhon"]
[BlackFideId "14208504"]
[WhiteElo "2219"]
[BlackElo "2400"]
[Result "0-1"]
[Round "9"]
[TimeControl "180+1"]
[Date "2023.08.08"]
[WhiteClock "0:00:01"]
[BlackClock "0:00:02"]
[Board "153"]

1. e4 c5 2. Nf3 d6 3. d4 cxd4 4. Nxd4 Nf6 5. f3 a6 6. c4 g6 7. Nc3 Bg7 8. Be3 O-O 9. Be2 Bd7 10. O-O Nc6 11. Qd2 Rc8 12. Rac1 Nxd4 13. Bxd4 Bc6 14. Rfd1 Kh8 15. Nd5 Nxd5 16. cxd5 Bd7 17. Bxg7+ Kxg7 18. Qd4+ f6 19. b4 Rc7 20. Rc4 b5 21. Rxc7 Qxc7 22. Rd2 Rc8 23. Qb2 Qb6+ 24. Kf1 Qe3 25. h3 Kf7 26. a4 f5 27. exf5 Bxf5 28. axb5 axb5 29. Bxb5 Rc3 30. Be2 Rb3 31. Qd4 Rb1+ 32. Bd1 Qa3 33. g4 Bd7 34. Qh8 Qxf3+ 35. Ke1 Qh1+ 36. Ke2 Bb5+ 37. Ke3 Rxd1 38. Qxh7+ Kf6 39. Rf2+ Ke5 40. Qxe7+ Kxd5 41. Qb7+ Kc4 42. Qc7+ Kb3 43. Qf7+ Kxb4 44. Rf3 Rd3+ 45. Kf4 Rxf3+ 0-1


[Site "https://www.chess.com"]

[Event "Titled Tuesday Blitz August 08 Early 2023"]
[White "Falbo, Sandro"]
[Black "Dishman, Stephen"]
[WhiteFideId "810444"]
[BlackFideId "403024"]
[WhiteElo "2202"]
[BlackElo "2396"]
[Result "0-1"]
[Round "9"]
[TimeControl "180+1"]
[Date "2023.08.08"]
[WhiteClock "0:01:44"]
[BlackClock "0:02:23"]
[Board "154"]

1. c4 c6 2. e4 d5 3. exd5 cxd5 4. cxd5 Nf6 5. Bb5+ Nbd7 6. Nc3 a6 7. Ba4 b5 8. Bb3 Nb6 9. Nf3 Nbxd5 10. O-O e6 11. d4 Be7 12. Re1 Bb7 13. Ne5 O-O 14. Bg5 h6 15. Bh4 Nf4 16. f3 N6d5 17. Ne4 Bxh4 0-1


[Site "https://www.chess.com"]

[Event "Titled Tuesday Blitz August 08 Early 2023"]
[White "Chudnovsky, Jacob"]
[Black "Jodorcovsky Werjivker, Paulo"]
[WhiteFideId "2010046"]
[BlackFideId "3700305"]
[WhiteElo "2391"]
[BlackElo "2196"]
[Result "1-0"]
[Round "9"]
[TimeControl "180+1"]
[Date "2023.08.08"]
[WhiteClock "0:00:45"]
[BlackClock "0:00:15"]
[Board "155"]

1. e4 c5 2. Nf3 Nc6 3. Nc3 e5 4. Bc4 Be7 5. d3 Nf6 6. Nd2 d6 7. Nf1 Nd7 8. Nd5 Nb6 9. Nxb6 Qxb6 10. Ne3 Qd8 11. Nd5 Be6 12. O-O Nb4 13. Nxb4 cxb4 14. Bb5+ Bd7 15. Bxd7+ Qxd7 16. Be3 O-O 17. f4 exf4 18. Bxf4 d5 19. e5 d4 20. Qh5 Rac8 21. Rac1 Rc6 22. Rf3 Qe6 23. Rh3 Qg6 24. Qe2 Rfc8 25. Rg3 Qe6 26. Bg5 Bxg5 27. Rxg5 Qh6 28. Qg4 f6 29. exf6 Qxf6 30. Rf1 Qe7 31. Rd5 Rxc2 32. Rd7 Qe3+ 33. Kh1 Qh6 34. Qxd4 R2c7 35. Qd5+ Kh8 36. Rd8+ 1-0


[Site "https://www.chess.com"]

[Event "Titled Tuesday Blitz August 08 Early 2023"]
[White "Ventura Bolet, Maxim"]
[Black "Araujo Filho, Luiz Antonio Coel"]
[WhiteFideId "22238824"]
[BlackFideId "2130661"]
[WhiteElo "2391"]
[BlackElo "2195"]
[Result "0-1"]
[Round "9"]
[TimeControl "180+1"]
[Date "2023.08.08"]
[WhiteClock "0:00:05"]
[BlackClock "0:00:03"]
[Board "156"]

1. e4 c6 2. Nf3 d5 3. Nc3 dxe4 4. Nxe4 Nf6 5. Qe2 Nxe4 6. Qxe4 Be6 7. d4 g6 8. Bf4 Bg7 9. O-O-O Qa5 10. a3 Nd7 11. Bd3 O-O 12. h4 c5 13. h5 c4 14. hxg6 hxg6 15. Ng5 Bf5 16. Qxe7 cxd3 17. cxd3 Qa4 18. Kb1 Qxd4 19. Rd2 Nc5 20. Be3 Bxd3+ 21. Ka1 Nb3+ 22. Ka2 Qc4 23. Rxd3 Qxd3 24. Qb4 Nd4 25. Nf3 Nf5 26. Qg4 Nxe3 27. fxe3 Rfd8 28. Qh4 Qd5+ 29. Ka1 Qb3 30. Qh7+ Kf8 31. Qh8+ Bxh8 32. Rxh8+ Kg7 33. Rh4 Rd1# 0-1


[Site "https://www.chess.com"]

[Event "Titled Tuesday Blitz August 08 Early 2023"]
[White "Tarnowska, Aleksandra"]
[Black "Nosacheva, Mariya"]
[WhiteFideId "1180967"]
[BlackFideId "34111422"]
[WhiteElo "2179"]
[BlackElo "2391"]
[Result "1-0"]
[Round "9"]
[TimeControl "180+1"]
[Date "2023.08.08"]
[WhiteClock "0:00:07"]
[BlackClock "0:00:00"]
[Board "157"]

1. e4 c5 2. Nf3 Nc6 3. Bb5 g6 4. O-O Bg7 5. c3 Nf6 6. Re1 a6 7. Bxc6 dxc6 8. e5 Nd5 9. d4 cxd4 10. Qxd4 O-O 11. Nbd2 h5 12. Ne4 Bg4 13. Nfd2 Nf4 14. Qxd8 Rfxd8 15. Nf3 Bxf3 16. Bxf4 Bg4 17. h3 Bf5 18. Ng5 e6 19. Nf3 c5 20. Rad1 Rd5 21. c4 Rd3 22. Rxd3 Bxd3 23. b3 Bf5 24. Rd1 b5 25. Rd7 Bb1 26. a3 Bc2 27. cxb5 axb5 28. b4 c4 29. Ng5 Rf8 30. Rb7 Ba4 31. Rc7 Rd8 32. Nxf7 Rd1+ 33. Kh2 c3 34. Ng5 c2 35. Rc8+ Bf8 36. Nxe6 Kf7 37. Rxf8+ Kxe6 38. Rc8 Kd7 39. Rc3 Ke6 40. h4 Kf5 41. Kg3 Rd4 42. Be3 Rg4+ 43. Kh3 Kxe5 44. Rc5+ Ke4 45. Rc6 Kd3 46. Bg5 Ke2 47. f3 Rc4 48. Re6+ Kf2 49. Be3+ Kf1 50. Bd2 c1=Q 51. Bxc1 Rxc1 52. Rxg6 Rc3 53. Rg5 Rxa3 54. Rxh5 Kf2 55. Rg5 Bb3 56. h5 Be6+ 57. Kh4 Ra4 58. h6 Rxb4+ 59. Kh5 Rb1 60. Kg6 Rh1 61. f4 Bd7 62. Kg7 b4 63. h7 b3 64. Rd5 b2 65. Rd2+ Ke3 66. Rxb2 Kxf4 67. h8=Q Rxh8 68. Kxh8 Bg4 69. Kg7 Kg3 70. Kf6 Bd7 71. Kg5 Bc6 72. Rc2 Bxg2 73. Rc3+ Bf3 74. Kf5 Kf2 75. Kf4 Bd5 76. Rc2+ Ke1 77. Ke3 Kf1 78. Rd2 Bc6 79. Rb2 Bd5 80. Kf4 Bc6 81. Kg3 Bd5 82. Rc2 Bb7 83. Rc1+ Ke2 84. Rc3 Bd5 85. Kf4 Kd2 86. Rc5 Bb7 87. Ke5 Ke3 88. Rc3+ Kf2 89. Kd4 Bc6 90. Rxc6 1-0


[Site "https://www.chess.com"]

[Event "Titled Tuesday Blitz August 08 Early 2023"]
[White "Polaczek, Richard"]
[Black "Kuchava, Ana"]
[WhiteFideId "200026"]
[BlackFideId "13605348"]
[WhiteElo "2382"]
[BlackElo "2173"]
[Result "1-0"]
[Round "9"]
[TimeControl "180+1"]
[Date "2023.08.08"]
[WhiteClock "0:01:35"]
[BlackClock "0:00:35"]
[Board "158"]

1. d4 d5 2. c4 e6 3. Nc3 Be7 4. Nf3 Nf6 5. Bg5 O-O 6. e3 h6 7. Bh4 b6 8. Be2 Bb7 9. Bxf6 Bxf6 10. cxd5 exd5 11. b4 c6 12. O-O a5 13. bxa5 Rxa5 14. a4 Nd7 15. Qb3 Qe7 16. Rfe1 Rfa8 17. Rab1 Qd6 18. Bd3 Bd8 19. Bf5 Nf6 20. Ne5 Bc7 21. g3 g6 22. Bh3 Kg7 23. Rbd1 Ne4 24. Nxe4 dxe4 25. Qxf7+ Kh8 26. Nxg6+ 1-0


[Site "https://www.chess.com"]

[Event "Titled Tuesday Blitz August 08 Early 2023"]
[White "Haukenfrers, Dale"]
[Black "Hoffmann, Asa"]
[WhiteFideId "2603780"]
[BlackFideId "2001470"]
[WhiteElo "2139"]
[BlackElo "2352"]
[Result "1-0"]
[Round "9"]
[TimeControl "180+1"]
[Date "2023.08.08"]
[WhiteClock "0:00:31"]
[BlackClock "0:00:13"]
[Board "159"]

1. c3 Nf6 2. f3 d6 3. g4 e5 4. Qc2 Nc6 5. b4 Be6 6. b5 Ne7 7. d4 Ng6 8. h4 h6 9. h5 Ne7 10. e4 exd4 11. cxd4 d5 12. e5 Nd7 13. Nc3 Nb6 14. Nh3 Nec8 15. Nf4 Qd7 16. a4 Ne7 17. a5 Nbc8 18. Bh3 a6 19. bxa6 Rxa6 20. Bf1 Ra8 21. Nb5 Nc6 22. a6 bxa6 23. Be3 Be7 24. Nxe6 fxe6 25. f4 O-O 26. g5 Nb6 27. gxh6 axb5 28. Rxa8 Rxa8 29. Qg6 Bb4+ 30. Kf2 Qf7 31. h7+ Kf8 32. h8=Q+ Ke7 33. Qxf7+ Kxf7 34. Qh7 Ra2+ 35. Kf3 Nc4 36. Bxc4 bxc4 37. h6 Bf8 38. Rg1 Ne7 39. hxg7 1-0


[Site "https://www.chess.com"]

[Event "Titled Tuesday Blitz August 08 Early 2023"]
[White "MarijaKuznecova"]
[Black "Saim, Mohamed Ilias"]
[BlackFideId "7900465"]
[WhiteElo "2345"]
[BlackElo "2012"]
[Result "1-0"]
[Round "9"]
[TimeControl "180+1"]
[Date "2023.08.08"]
[WhiteClock "0:00:04"]
[BlackClock "0:00:00"]
[Board "160"]

1. e4 c6 2. d4 d5 3. e5 Bf5 4. Nf3 e6 5. Be2 c5 6. Be3 Qb6 7. Nc3 Qxb2 8. Qb1 Qxb1+ 9. Rxb1 b6 10. dxc5 Bxc5 11. Bxc5 bxc5 12. Rb7 a6 13. Kd2 Ne7 14. Na4 Nbc6 15. Nxc5 O-O 16. Bxa6 Rfc8 17. Rxe7 Nxe7 18. Bxc8 Rxc8 19. Nd3 Ra8 20. Nb4 Ra4 21. c3 Be4 22. Rg1 Bxf3 23. gxf3 Ng6 24. Re1 h6 25. Kc2 Ne7 26. Kb3 Ra7 27. a4 Nf5 28. Rd1 Nh4 29. Rd3 Ng6 30. Re3 Kf8 31. Nc6 Ra6 32. Nd4 Ke7 33. Nb5 Kd7 34. Kb4 Kc6 35. Re1 Ne7 36. Rc1 Kb6 37. Nd6 Nc6+ 38. Ka3 Nxe5 39. Rb1+ Kc6 40. Nb5 Nc4+ 41. Kb4 Nd6 42. Rg1 g6 43. Nd4+ Kb6 44. Rb1 Kc7 45. Ka3 Nc4+ 46. Kb4 Nb6 47. Nb5+ Kd7 48. a5 Nc4 49. Ra1 Kc6 50. Nd4+ Kd6 51. Kb5 Ra8 52. Nc6 Kc7 53. a6 Nd6+ 54. Kc5 Nc8 55. a7 1-0


[Site "https://www.chess.com"]

[Event "Titled Tuesday Blitz August 08 Early 2023"]
[White "Swicarz, Maciej"]
[Black "Tqebuchava, Zurab"]
[WhiteFideId "1113585"]
[BlackFideId "13601113"]
[WhiteElo "2415"]
[BlackElo "2261"]
[Result "1-0"]
[Round "9"]
[TimeControl "180+1"]
[Date "2023.08.08"]
[WhiteClock "0:00:37"]
[BlackClock "0:00:00"]
[Board "161"]

1. e4 d6 2. d4 Nf6 3. Nc3 Nbd7 4. Be3 c6 5. f3 b5 6. Qd2 Nb6 7. O-O-O Nc4 8. Bxc4 bxc4 9. d5 cxd5 10. Nxd5 Nxd5 11. Qxd5 Bd7 12. Qxc4 Rc8 13. Qd4 Qc7 14. Rd2 a6 15. Ne2 Rg8 16. Nc3 Bc6 17. Qb6 Qxb6 18. Bxb6 g6 19. Be3 Bg7 20. Nd5 Bxd5 21. Rxd5 Kd7 22. Rhd1 Rc6 23. b3 e6 24. R5d3 Rgc8 25. c4 Ke7 26. Bg5+ f6 27. Bf4 e5 28. Bd2 Ke6 29. Bb4 Bf8 30. Kb2 Be7 31. Rd5 Rb8 32. a3 h5 33. Ka2 Rbc8 34. Rc1 Rb8 35. Rcd1 Rbc8 36. Ra5 h4 37. h3 Rh8 38. Ra4 Rhc8 39. Rd5 Rh8 40. Be1 Rh5 41. Rda5 Rg5 42. Bxh4 Rxg2+ 43. Kb1 Rh2 44. Rxa6 Rc8 45. Kc1 Rxh3 46. Be1 Rxf3 47. Rb4 Rh8 48. c5 Rf1 49. cxd6 Rxe1+ 50. Kd2 Rg1 51. dxe7+ Kxe7 52. Rb7+ 1-0


[Site "https://www.chess.com"]

[Event "Titled Tuesday Blitz August 08 Early 2023"]
[White "Shapiro, Daniel"]
[Black "Kohler, Aran"]
[WhiteFideId "2001780"]
[BlackFideId "1002856"]
[WhiteElo "2341"]
[BlackElo "2255"]
[Result "1-0"]
[Round "9"]
[TimeControl "180+1"]
[Date "2023.08.08"]
[WhiteClock "0:00:28"]
[BlackClock "0:00:07"]
[Board "162"]

1. d4 d5 2. c4 c6 3. Nf3 Nf6 4. Qb3 e6 5. Nc3 a6 6. c5 Nbd7 7. Bf4 b6 8. cxb6 Qxb6 9. Qc2 Bb4 10. e3 Ne4 11. Bd3 f5 12. O-O O-O 13. Na4 Qb7 14. a3 Be7 15. Rac1 c5 16. dxc5 Ndxc5 17. Nxc5 Nxc5 18. Be2 Bd7 19. b4 Ba4 20. Qa2 Nd7 21. h3 Rfc8 22. Bh2 Rxc1 23. Rxc1 Rc8 24. Qb2 Bf6 25. Qd2 Rxc1+ 26. Qxc1 Bb5 27. Bd1 Bc4 28. Nd2 Nb6 29. a4 Qc6 30. a5 Na4 31. Nxc4 dxc4 32. Bxa4 Qxa4 33. Qxc4 Qd1+ 34. Qf1 Qxf1+ 35. Kxf1 Bc3 36. Bd6 Kf7 37. Ke2 Ke8 38. Kd3 Be1 39. f3 Kd7 40. Bc5 Kc6 41. Kc4 e5 42. Bf8 g6 43. Bg7 e4 44. fxe4 fxe4 45. Bf8 h5 46. Kd4 Kb5 47. Kxe4 Bxb4 48. Bxb4 Kxb4 49. Kd4 Kxa5 50. Kc5 Ka4 51. e4 Kb3 52. e5 a5 53. e6 a4 54. e7 a3 55. e8=Q a2 56. Qe5 g5 57. Qa1 g4 58. hxg4 hxg4 59. Kd4 g3 60. Ke3 Ka3 61. Kf3 Kb3 62. Kxg3 1-0


[Site "https://www.chess.com"]

[Event "Titled Tuesday Blitz August 08 Early 2023"]
[White "Stachanczyk, Jacek"]
[Black "Miguelitro69"]
[WhiteFideId "1116657"]
[WhiteElo "2328"]
[BlackElo "2244"]
[Result "1/2-1/2"]
[Round "9"]
[TimeControl "180+1"]
[Date "2023.08.08"]
[WhiteClock "0:00:14"]
[BlackClock "0:01:14"]
[Board "163"]

1. c4 e5 2. g3 Nf6 3. Bg2 d5 4. cxd5 Nxd5 5. Nc3 Nb6 6. Nf3 Nc6 7. O-O Be7 8. a3 O-O 9. b4 a6 10. Bb2 Be6 11. d3 f6 12. Ne4 Kh8 13. Qc2 Qc8 14. d4 exd4 15. Nxd4 Nxd4 16. Bxd4 Bh3 17. Bxh3 Qxh3 18. Qxc7 Nd5 19. Qxb7 Rfd8 20. Rfd1 Qe6 21. Nc3 Rab8 22. Qa7 Ra8 23. Qb7 Rab8 24. Qa7 Ra8 25. Qb7 1/2-1/2


[Site "https://www.chess.com"]

[Event "Titled Tuesday Blitz August 08 Early 2023"]
[White "Pavlidou, Ekaterini"]
[Black "Fernandez Hernandez, Gerardo"]
[WhiteFideId "4213262"]
[BlackFideId "2207400"]
[WhiteElo "2320"]
[BlackElo "2245"]
[Result "1-0"]
[Round "9"]
[TimeControl "180+1"]
[Date "2023.08.08"]
[WhiteClock "0:02:17"]
[BlackClock "0:00:12"]
[Board "164"]

1. d4 Nf6 2. c4 c5 3. d5 b5 4. cxb5 a6 5. bxa6 g6 6. Nc3 Bg7 7. e4 O-O 8. Nf3 Qa5 9. g3 Nxe4 10. Bd2 Nxc3 11. bxc3 Bxc3 12. Rc1 Bxd2+ 13. Nxd2 Bxa6 14. Bxa6 Nxa6 15. O-O Qxa2 16. Nc4 Nb4 17. Nb6 Ra6 18. Nxd7 Rd8 19. Nxc5 Rxd5 20. Qe1 Nc2 21. Rxc2 Qxc2 22. Nxa6 e6 23. Nb4 Qd2 24. Nxd5 1-0


[Site "https://www.chess.com"]

[Event "Titled Tuesday Blitz August 08 Early 2023"]
[White "Villuendas Valero, Adrian"]
[Black "Vaglio Munoz, Jaime"]
[WhiteFideId "2262460"]
[BlackFideId "6500145"]
[WhiteElo "2318"]
[BlackElo "2239"]
[Result "1-0"]
[Round "9"]
[TimeControl "180+1"]
[Date "2023.08.08"]
[WhiteClock "0:00:19"]
[BlackClock "0:00:51"]
[Board "165"]

1. e4 c5 2. c3 Qa5 3. Nf3 Nc6 4. d4 cxd4 5. Nxd4 Nf6 6. f3 e6 7. Be3 a6 8. Nb3 Qc7 9. N1d2 b5 10. Be2 Ne5 11. O-O Bb7 12. Rc1 d5 13. f4 Nc4 14. Nxc4 dxc4 15. Nd2 Nxe4 16. Nxe4 Bxe4 17. Qd4 f5 18. Rcd1 Rc8 19. Bh5+ g6 20. Qxh8 gxh5 21. Rd2 Qf7 22. Bd4 Qg6 23. Qf6 Be7 24. Qh8+ Bf8 25. Be5 Bd5 26. Bd6 Kf7 27. Bxf8 Rxf8 28. Qe5 Rd8 29. Re1 Rd7 30. Ree2 h4 31. Qb8 h3 32. g3 h5 33. Qc8 Ke7 34. Qc5+ Kf7 35. Qc8 Re7 36. Qd8 h4 37. Rxd5 hxg3 38. Rd7 gxh2+ 39. Kxh2 Rxd7 40. Qxd7+ Kf8 41. Qxe6 Qh5 42. Qd6+ Kg8 43. Qe6+ Kf8 44. Qe7+ Kg8 45. Qe8+ Qxe8 46. Rxe8+ Kf7 47. Re5 Kf6 48. Kxh3 a5 49. Kg3 b4 50. Rxa5 b3 51. axb3 cxb3 52. Rb5 Ke6 53. Rxb3 Kd5 54. Rb5+ Ke4 55. Re5+ Kd3 56. Rxf5 Kc2 57. c4 Kxb2 58. c5 Kc3 59. c6 Kc4 60. c7 Kd4 61. c8=Q Ke4 62. Re5+ Kd4 63. Re7 Kd5 64. Rd7+ Ke4 65. Qe8+ Kf5 66. Rf7+ Kg6 67. Qg8+ Kh6 68. Rh7# 1-0


[Site "https://www.chess.com"]

[Event "Titled Tuesday Blitz August 08 Early 2023"]
[White "Thiel, Thomas"]
[Black "Goswami, Vedant"]
[WhiteFideId "4615964"]
[BlackFideId "5003725"]
[WhiteElo "2209"]
[BlackElo "2292"]
[Result "0-1"]
[Round "9"]
[TimeControl "180+1"]
[Date "2023.08.08"]
[WhiteClock "0:00:00"]
[BlackClock "0:01:03"]
[Board "166"]

1. e4 c5 2. Nc3 Nc6 3. Bb5 Nd4 4. Bc4 e6 5. Nge2 a6 6. d3 b5 7. Bb3 Nxb3 8. axb3 Bb7 9. O-O d5 10. exd5 exd5 11. d4 Nf6 12. Bg5 c4 13. Ng3 Be7 14. Nf5 O-O 15. Re1 Bb4 16. Qf3 Bc8 17. Nh6+ Kh8 18. Bxf6 Qxf6 19. Qxf6 gxf6 20. f3 cxb3 21. cxb3 Kg7 22. Ng4 Be6 23. Ne3 Rfd8 24. Rec1 Bd6 25. Ncxd5 Bxd5 26. Nxd5 Bxh2+ 27. Kxh2 Rxd5 28. Rd1 a5 29. Kg3 f5 30. Kf4 Kf6 31. Ke3 Re8+ 32. Kd3 b4 33. Re1 Red8 34. Kc2 Rxd4 35. Rxa5 Rd2+ 36. Kb1 Rxg2 37. Ree5 Rd1+ 38. Ka2 Rgg1 39. Rxf5+ Kg6 0-1


[Site "https://www.chess.com"]